 Dungeon Crawl Stone Soup version 0.30.0-18-gf1372a6a44 (webtiles) character file.

Game seed: 10257996607687876824

338 qw the Chopper (level 6, 0/38 HPs)
             Began as a Gargoyle Fighter on May 21, 2023.
             Slain by an orc priest
             ... wielding a +0 falchion
              (4 damage)
             ... on level 4 of the Dungeon.
             The game lasted 00:01:35 (2489 turns).

qw the Chopper (Gargoyle Fighter)                   Turns: 2489, Time: 00:01:36

Health: 0/38       AC: 13    Str: 22    XL:     6   Next: 55%
Magic:  6/6        EV: 10    Int:  8    God:
Gold:   345        SH:  4    Dex:  9    Spells: 5/5 levels left

rFire   . . .        Y - +1 war axe
rCold   . . .        c - +0 buckler
rNeg    + . .        b - +0 scale mail
rPois   inf          (no helmet)
rElec   +            q - +0 cloak
rCorr   .            g - +0 pair of gloves
SInv    .            (no boots)
Will    .....        (no amulet) Stlth
                     (no ring)
HPRegen 0.26/turn    (no ring)
MPRegen 0.10/turn

%: no passive effects
@: no status effects
A: sickness immunity, AC +4, negative energy resistance 1, electricity
resistance, torment resistance 1, petrification resistance
a: no special abilities


You were on level 4 of the Dungeon.
You visited 1 branch of the dungeon, and saw 4 of its levels.

You collected 345 gold pieces.


Innate Abilities, Weirdness & Mutations

You are immune to sickness and miasma.
Your stone body is resilient. (AC +4)
You are immune to poison.
You resist negative energy. (rN+)
You are resistant to electric shocks. (rElec)
You are resistant to unholy torment.
You are immune to petrification.


   Skills:
 - Level 4.2 Fighting
 + Level 5.1 Axes
 - Level 3.2 Armour
 - Level 1.9 Dodging
 - Level 3.2 Shields


You had 5 spell levels left.
You didn't know any spells.
Your spell library was empty.

Inventory:

Hand Weapons
 r - a +0 morningstar
 Y - a +1 war axe (weapon)
Armour
 b - a +0 scale mail (worn)
 c - a +0 buckler (worn)
 g - a +0 pair of gloves (worn)
 q - a +0 cloak (worn)
Scrolls
 a - a scroll of identify
 i - a scroll of brand weapon {unknown}
Potions
 d - 2 potions of might
 f - a potion of haste {unknown}
 j - a potion of curing
 m - a potion of degeneration {unknown}
 n - 3 potions of lignification {unknown}

Dungeon Overview and Level Annotations

Branches:
Dungeon (4/15)
 Temple: D:4-7

Altars:
Cheibriados
Xom


Message History

2477 ||| Stepping ~*~*~tactically~*~*~ (hiding).
The orc priest closely misses you.
You closely miss the orc priest. You block the orc priest's attack.
The orc priest hits you but does no damage.
You hit the orc priest but do no damage.
The orc priest hits you with a +2 dagger of protection.
You closely miss the orc priest. You block the orc priest's attack.
You hit the orc priest but do no damage.
The orc priest mumbles some strange prayers to Beogh against you.
Beogh smites you!
You closely miss the orc priest. The orc priest barely misses you.
The orc priest hits you but does no damage.
You hit the orc priest but do no damage.
The orc priest mumbles some strange prayers to Beogh against you.
Beogh smites you!
2486 ||| READING scroll of teleportation.
As you read the scroll of teleportation, it crumbles to dust.
You feel strangely unstable. The orc priest barely misses you.
You closely miss the orc priest.
The orc priest hits you but does no damage.
You slash the orc priest!
The orc priest is severely wounded.
Your surroundings suddenly seem different.
An orc, an orc priest and 2 orc wizards come into view.
Found a small opal ring.
Found a snail-covered altar of Cheibriados.
The orc shouts!
The orc wizard shouts!
You hear an angry hiss.
The orc wizard hits you but does no damage.
You barely miss the orc wizard. You hit the orc.
You kill the orc!
You hit the orc priest but do no damage.
The orc wizard mumbles some strange words.
The orc wizard flickers and vanishes!
Deactivating autopickup; reactivate with Ctrl-A.
The orc priest hits you with a +0 falchion.
You die...

## #. .#..#
..####.#.#..
...........
#.
..........#
..
..........
#). .=.....
... #.o.#
#.# #.o@#
#.# #..)# .
#.# ##..#
... #.# #{##
.....##.# ..
.......<.
#.#
#.##.##.# #.
..... #.
......
##.##..


You could see an orc priest and an orc wizard.

Vanquished Creatures
  An orc warrior (D:4)
  A scorpion (D:4)
  2 orc wizards (D:4)
  3 adders
  A worm (D:3)
  2 dart slugs
  12 orcs
  5 bats
  6 endoplasms
  13 giant cockroaches (D:2)
  4 hobgoblins
  A jackal (D:3)
  5 quokkas
  4 ball pythons
  4 frilled lizards
  6 goblins
  11 kobolds
  3 rats
84 creatures vanquished.

Notes
Turn   | Place    | Note
-------+----------+-------------------------------------------
     0 | D:1      | qw the Gargoyle Fighter began the quest for the Orb.
     0 | D:1      | Reached XP level 1. HP: 14/14 MP: 1/1
     0 | D:1      | 0 ||| qw: Version: 0.2-a-98-g5d7165a
     0 | D:1      | 0 ||| qw: Game counter: 1
     0 | D:1      | 0 ||| qw: Always use a shield: true
     0 | D:1      | 0 ||| qw: God list: Okawaru
     0 | D:1      | 0 ||| qw: Allow faded altars: false
     0 | D:1      | 0 ||| qw: Do Orc after D:15 true
     0 | D:1      | 0 ||| qw: Do second Lair branch before Depths: true
     0 | D:1      | 0 ||| qw: Lair rune preference: random
     0 | D:1      | 0 ||| qw: Plans: Normal, Zot:1-4, God:TSO, Crypt, Tomb,
                  | Pan, Slime:5, Hells, Abyss, Win
     0 | D:1      | 0 ||| PLANNING D:1-11
     5 | D:1      | Noticed an eight-headed hydra
    10 | D:1      | Noticed a death yak
   112 | D:1      | Reached skill level 2 in Axes
   121 | D:1      | 121 ||| Stepping ~*~*~tactically~*~*~ (hiding).
   129 | D:1      | 129 ||| Stepping ~*~*~tactically~*~*~ (hiding).
   133 | D:1      | Reached XP level 2. HP: 19/19 MP: 2/2
   236 | D:1      | 236 ||| DROPPING +0 whip.
   416 | D:1      | 416 ||| Stepping ~*~*~tactically~*~*~ (stealth).
   495 | D:1      | Reached skill level 3 in Axes
   713 | D:1      | Reached XP level 3. HP: 23/23 MP: 3/3
   754 | D:1      | 754 ||| UPGRADING to +0 pair of gloves.
   759 | D:1      | 759 ||| READING scroll labelled PAIWIC TESMO.
   760 | D:1      | 760 ||| READING scroll labelled NOEHUM UTWOA.
   761 | D:1      | 761 ||| READING scroll labelled KASIRGHOLENN.
   860 | D:2      | 860 ||| Stepping ~*~*~tactically~*~*~ (stealth).
   939 | D:2      | Reached XP level 4. HP: 21/28 MP: 4/4
  1257 | D:2      | 1257 ||| DROPPING orb of energy.
  1258 | D:2      | 1258 ||| UPGRADING to +0 cloak.
  1263 | D:2      | 1263 ||| DROPPING ring of magical power.
  1264 | D:2      | 1264 ||| DROPPING +6 ring of intelligence.
  1265 | D:2      | 1265 ||| READING 3 scrolls labelled WYUDDA FASOAPH.
  1266 | D:2      | 1266 ||| READING scroll labelled ADIVACAILY.
  1271 | D:2      | 1271 ||| READING scroll labelled CEZIUNTALEU.
  1272 | D:2      | 1272 ||| READING scroll labelled WOBLIU KIODUA.
  1273 | D:2      | 1273 ||| DRINKING 2 sedimented pink potions.
  1274 | D:2      | 1274 ||| DRINKING 2 coppery potions.
  1275 | D:2      | 1275 ||| READING 2 scrolls of identify.
  1275 | D:2      | 1275 ||| IDENTIFYING blue potion
  1276 | D:2      | 1276 ||| DROPPING potion of ambrosia.
  1302 | D:3      | Reached skill level 4 in Axes
  1315 | D:3      | 1315 ||| Stepping ~*~*~tactically~*~*~ (hiding).
  1352 | D:3      | 1352 ||| Stepping ~*~*~tactically~*~*~ (stealth).
  1354 | D:3      | 1354 ||| Stepping ~*~*~tactically~*~*~ (hiding).
  1355 | D:3      | 1355 ||| Stepping ~*~*~tactically~*~*~ (hiding).
  1464 | D:3      | Found a shimmering altar of Xom.
  1472 | D:3      | Found a shimmering altar of Xom.
  1477 | D:3      | Found a shimmering altar of Xom.
  1526 | D:3      | 1526 ||| Stepping ~*~*~tactically~*~*~ (stealth).
  1529 | D:3      | 1529 ||| Stepping ~*~*~tactically~*~*~ (stealth).
  1554 | D:3      | 1554 ||| Stepping ~*~*~tactically~*~*~ (stealth).
  1683 | D:3      | Found a faded altar of an unknown god.
  1864 | D:3      | 1864 ||| Stepping ~*~*~tactically~*~*~ (stealth).
  1882 | D:3      | 1882 ||| Stepping ~*~*~tactically~*~*~ (stealth).
  1883 | D:3      | 1883 ||| Stepping ~*~*~tactically~*~*~ (stealth).
  1886 | D:3      | 1886 ||| Stepping ~*~*~tactically~*~*~ (hiding).
  1913 | D:3      | 1913 ||| DROPPING +2 whip of freezing.
  2105 | D:3      | 2105 ||| READING scroll labelled BAUGHE PYUS.
  2117 | D:3      | Reached XP level 5. HP: 32/32 MP: 5/5
  2124 | D:3      | 2124 ||| READING scroll labelled HEOT SIDOCE.
  2125 | D:3      | 2125 ||| READING scroll labelled SILITE ACVA.
  2126 | D:3      | 2126 ||| READING scroll labelled XEETWUDOWU.
  2127 | D:3      | 2127 ||| READING 2 scrolls of identify.
  2127 | D:3      | 2127 ||| IDENTIFYING fizzy black potion
  2128 | D:3      | 2128 ||| DROPPING potion of flight.
  2139 | D:4      | 2139 ||| PLANNING SEWER
  2168 | D:4      | Reached skill level 5 in Axes
  2371 | D:4      | 2371 ||| Stepping ~*~*~tactically~*~*~ (hiding).
  2382 | D:4      | Reached XP level 6. HP: 38/38 MP: 6/6
  2413 | D:4      | Noticed an orc warrior
  2414 | D:4      | 2414 ||| Stepping ~*~*~tactically~*~*~ (hiding).
  2415 | D:4      | 2415 ||| Stepping ~*~*~tactically~*~*~ (hiding).
  2427 | D:4      | HP: 6/38 [orc warrior/+0 hand axe (5)]
  2428 | D:4      | 2428 ||| READING 2 scrolls of teleportation.
  2429 | D:4      | 2429 ||| DRINKING potion of heal wounds.
  2449 | D:4      | 2449 ||| Stepping ~*~*~tactically~*~*~ (hiding).
  2455 | D:4      | Killed an orc warrior
  2456 | D:4      | Reached skill level 1 in Dodging
  2475 | D:4      | 2475 ||| Stepping ~*~*~tactically~*~*~ (hiding).
  2476 | D:4      | 2476 ||| Stepping ~*~*~tactically~*~*~ (hiding).
  2477 | D:4      | 2477 ||| Stepping ~*~*~tactically~*~*~ (hiding).
  2485 | D:4      | HP: 3/38 [orc priest/divine providence (12)]
  2486 | D:4      | 2486 ||| READING scroll of teleportation.
  2488 | D:4      | Found a snail-covered altar of Cheibriados.
  2489 | D:4      | Slain by an orc priest

Levels and vault maps discovered:
D:1:      sevenhm_arrival_forest_fort_small_2, layout_rooms,
          serial_bayou_pond_a, minmay_misc_feat_enclosed, chequers_mini_garden
D:2:      minmay_roachtagon, layout_rooms
D:3:      layout_rooms, xom_redecorated, ebering_ecumenical_altar_hall,
          minmay_increasing_density
D:4:      layout_basic, cheibriados_altar_1, serial_bayou,
          serial_bayou_crossing, serial_bayou_shore_a, serial_bayou_pond_d,
          serial_bayou_shore_b, portal_sewer_entry_c, minmay_door_square,
          minivault_1

Skill      XL: |  1  2  3  4  5  6 |
---------------+-------------------+-----
Axes           | 2 3 4 5 |  5.1
Fighting       | 4 |  4.2
Dodging        | 1 |  1.9
Armour         | |  3.2
Shields        | |  3.2

Action                     |  1- 3 |  4- 6 || total
---------------------------+-------+-------++-------
  Melee: War axe           |   102 |   132 ||   234
    Use: Scroll            |     3 |    12 ||    15
         Potion            |       |     3 ||     3
 Armour: Scale mail        |    64 |    65 ||   129
  Dodge: Dodged            |    49 |    60 ||   109
  Block: Buckler           |    21 |    25 ||    46

Table legend:
 A = Non-vault XP
 B = Vault XP
 C = Vault XP percentage of total XP
 D = Non-vault monster count
 E = Vault monster count
 F = Vault count percentage of total count
                 A         B        C        D         E       F
            +---------+---------+-------+---------+---------+-------
      Total |     438 |      48 |   9.9 |      66 |      18 |  21.4
            +---------+---------+-------+---------+---------+-------
        D:1 |      36 |       0 |   0.0 |      21 |       0 |   0.0
        D:2 |      37 |      22 |  37.3 |      16 |      11 |  40.7
        D:3 |      46 |      26 |  36.1 |      18 |       7 |  28.0
        D:4 |     319 |       0 |   0.0 |      11 |       0 |   0.0
            +---------+---------+-------+---------+---------+-------
